 Dungeon Crawl Stone Soup version 0.20.0-1-g1cb1d84 (webtiles) character file.

4697 MDvedh the Severer (level 10, -8/77 HPs)
             Began as a Minotaur Berserker on May 26, 2017.
             Was an Elder of Trog.
             Mangled by a four-headed hydra (9 damage)
             ... on level 9 of the Dungeon.
             The game lasted 00:11:50 (8645 turns).

MDvedh the Severer (Minotaur Berserker)             Turns: 8645, Time: 00:11:51

Health: -8/77      AC:  9    Str: 22    XL:     10   Next: 21%
Magic:  9/9        EV:  8    Int:  4    God:    Trog [****..]
Gold:   496        SH:  0    Dex: 13    Spells: 9/9 levels left

rFire    . . .     SeeInvis .   w - +1 war axe
rCold    . . .     Gourm    .   (no shield)
rNeg     . . .     Faith    +   u - +1 chain mail
rPois    .         Spirit   .   (helmet restricted)
rElec    .         Reflect  .   (no cloak)
rCorr    .         Harm     .   (no gloves)
MR       .....                  (no boots)
Stlth    ..........             z - amulet of faith
Regen    0.3/turn               (no ring)
MPRegen  0.2/turn               (no ring)

@: lethally poisoned (-8 -> -20), slowed, very slow
A: retaliatory headbutt, horns 2
a: Berserk, Trog's Hand, Brothers in Arms, Burn Spellbooks, Renounce Religion


You were on level 9 of the Dungeon.
You worshipped Trog.
Trog was greatly pleased with you.
You were not hungry.

You visited 2 branches of the dungeon, and saw 10 of its levels.
You visited the Abyss 1 time.
You also visited: Sewer.

You collected 496 gold pieces.

Inventory:

Hand Weapons
 w - a +1 war axe (weapon)
Armour
 b - a +1 scale mail of magic resistance
 u - a +1 chain mail (worn)
Jewellery
 t - an uncursed amulet of rage {unknown}
 z - an amulet of faith (around neck)
Wands
 k - a wand of random effects (27/48)
 q - a wand of polymorph (13/24)
 r - a wand of digging (14/24)
 v - a wand of paralysis (12/24)
 x - a wand of acid (9/15)
 A - a wand of random effects (23/48)
 J - a wand of polymorph (12/24)
Scrolls
 e - 9 scrolls of teleportation
 f - 4 scrolls of fear
 m - a scroll of immolation
 p - 6 scrolls of magic mapping
 s - 5 scrolls of remove curse
 E - 2 scrolls of enchant armour
Potions
 d - 4 potions of magic
 g - 5 potions of brilliance
 j - 2 potions of heal wounds
 l - a potion of might {unknown}
 n - a potion of agility
 o - 7 potions of curing
 B - a potion of haste {unknown}
 F - 2 potions of flight {unknown}
Comestibles
 c - 10 bread rations
 h - 5 royal jellies
 C - 7 fruits


   Skills:
 - Level 3.6 Fighting
 + Level 16.9 Axes
 - Level 2.4 Armour
 - Level 2.1 Dodging


You had 9 spell levels left.
You didn't know any spells.

Dungeon Overview and Level Annotations

Branches:
Dungeon (9/15)             Temple (1/1) D:4
   Lair: D:8-11         Orc: D:9-12

Altars:
Cheibriados
Dithmenos
Fedhas
Sif Muna
Uskayaw
Xom
Zin

Shops:
D:7 %


Innate Abilities, Weirdness & Mutations

You reflexively headbutt those who attack you in melee.
You have a pair of horns on your head.


Message History

You feel as though you will be slow longer.
You feel sick. The hornet barely misses you.
The four-headed hydra bites you but does no damage.
The four-headed hydra closely misses you.
The four-headed hydra bites you.
The four-headed hydra closely misses you.
Unknown command.
Your deep troll goes berserk!
You feel quite a bit more hungry. Trog will no longer gift you weapons.
You feel sick. The hornet stings you.
* * * LOW HITPOINT WARNING * * *
You are more poisoned.
You feel as though you will be slow longer.
The four-headed hydra bites you!
* * * LOW HITPOINT WARNING * * *
The four-headed hydra bites you!
* * * LOW HITPOINT WARNING * * *
The four-headed hydra bites you!
You die...

######........#}........#
#.............#.........#
########.###..#.........#
#.# #..#.........# #.#
#..#.........#. #.#
#.............. #.#
#............. #.#
#...D....).... #.#
#T.@y......... #.#
##.######....#.
######.###..# ......
...........[.# .##...
#########....# # ...
#....# .. #....# #......
#......#


You could see a four-headed hydra, a hornet and a friendly deep troll (berserk).

Vanquished Creatures
  An unseen horror (D:8)
  Pikel (D:8)
  Psyche (D:8)
  Sigmund (D:6)
  A spriggan (D:7)
  A ynoxinul (D:8)
  4 ice beasts
  2 sky beasts
  4 slaves (D:8)
  An orc warrior (D:6)
  A phantom (D:8)
  6 ogres
  3 centaurs
  A wyvern zombie (D:7)
  3 bullfrogs (D:6)
  A scorpion (D:7)
  6 killer bees (D:8)
  A howler monkey (D:5)
  A crimson imp (D:5)
  A gnoll shaman (D:6)
  4 hounds
  A jelly (D:5)
  3 orc priests
  5 orc wizards
  A bullfrog skeleton (D:4)
  A centaur skeleton (D:7)
  An iguana (D:6)
  3 worker ants (D:8)
  Ijyb (D:3)
  A hound zombie (D:7)
  3 gnolls (D:6)
  A river rat (Sewer)
  9 adders
  2 shadow imps (D:6)
  An adder skeleton (D:4)
  2 worms
  6 dart slugs
  5 leopard geckos
  18 orcs
  8 ball pythons
  A bat (D:1)
  6 giant cockroaches
  11 goblins
  3 hobgoblins
  13 jackals
  4 quokkas
  11 frilled lizards
  2 giant cockroach zombies (D:6)
  A jackal skeleton (D:4)
  8 kobolds
  A leopard gecko skeleton (D:6)
  A leopard gecko zombie (D:6)
  18 rats
197 creatures vanquished.

Notes
Turn   | Place    | Note
-------+----------+-------------------------------------------
     0 | D:1      | MDvedh the Minotaur Berserker began the quest for the Orb.
     0 | D:1      | Reached XP level 1. HP: 19/19 MP: 0/0
    89 | D:1      | Reached skill level 4 in Axes
   232 | D:1      | Reached XP level 2. HP: 16/26 MP: 1/1
   597 | D:1      | Reached skill level 5 in Axes
   848 | D:1      | Reached XP level 3. HP: 28/31 MP: 2/2
   924 | D:1      | Reached ** piety under Trog
  1333 | D:2      | Found a faded altar of an unknown god.
  1484 | D:2      | Reached XP level 4. HP: 33/39 MP: 3/3
  1501 | D:2      | Reached skill level 6 in Axes
  2110 | D:2      | Found a glowing silver altar of Zin.
  2110 | D:2      | Noticed an angel
  2170 | D:3      | Noticed Ijyb
  2180 | D:3      | Killed Ijyb
  2269 | D:3      | Found a glowing drain.
  2273 | Sewer    | Entered a sewer
  2329 | Sewer    | Reached XP level 5. HP: 45/45 MP: 4/4
  2342 | Sewer    | Reached skill level 7 in Axes
  2631 | Sewer    | Reached *** piety under Trog
  3802 | D:4      | Reached skill level 8 in Axes
  3918 | D:4      | Found a blossoming altar of Fedhas.
  3960 | D:4      | Reached XP level 6. HP: 51/51 MP: 5/5
  4170 | D:4      | Found a deep blue altar of Sif Muna.
  4176 | D:4      | Found a shadowy altar of Dithmenos.
  4183 | D:4      | Found a shimmering altar of Xom.
  4338 | D:4      | Found a staircase to the Ecumenical Temple.
  4493 | Temple   | Entered the Ecumenical Temple
  4530 | D:5      | Entered Level 5 of the Dungeon
  4807 | D:5      | Found a snail-covered altar of Cheibriados.
  4827 | D:5      | Reached skill level 9 in Axes
  5053 | D:5      | Noticed a sky beast
  5059 | D:5      | Killed a sky beast
  5059 | D:5      | Reached XP level 7. HP: 57/57 MP: 6/6
  5107 | D:5      | Reached skill level 10 in Axes
  5347 | D:6      | Reached **** piety under Trog
  5443 | D:6      | Reached skill level 11 in Axes
  5614 | D:6      | Reached XP level 8. HP: 46/64 MP: 7/7
  5742 | D:6      | Noticed Sigmund
  5749 | D:6      | Killed Sigmund
  5749 | D:6      | Reached skill level 12 in Axes
  5969 | D:6      | Reached skill level 13 in Axes
  6348 | D:6      | Reached ***** piety under Trog
  6509 | D:6      | Reached XP level 9. HP: 57/70 MP: 8/8
  6617 | D:7      | Reached skill level 14 in Axes
  6715 | D:7      | Found Geong's Food Boutique.
  7030 | D:7      | Found a hide-covered altar of Uskayaw.
  7168 | D:8      | Identified a scroll of acquirement
  7169 | D:8      | Got a heavily runed ring mail
  7180 | D:8      | Identified the +0 ring mail "Jegy" {Str+4 Dex+3} (You acquired it on level 8 of the Dungeon)
  7321 | D:8      | Reached skill level 15 in Axes
  7355 | D:8      | Killed an unseen horror
  7599 | D:8      | Noticed Pikel
  7609 | D:8      | Killed Pikel
  7609 | D:8      | Reached skill level 16 in Axes
  7690 | D:8      | Noticed Psyche
  7702 | D:8      | Cast into level 1 of the Abyss (Psyche)
  7710 | Abyss:1  | Found a stormy altar of Qazlal.
  7725 | D:8      | Escaped the Abyss
  7745 | D:8      | Killed Psyche
  7745 | D:8      | Reached XP level 10. HP: 68/77 MP: 9/9
  8635 | D:9      | Noticed a four-headed hydra
  8641 | D:9      | Paralysed by a hornet for 1 turns
  8645 | D:9      | HP: 1/77 [four-headed hydra (9)]
  8645 | D:9      | Mangled by a four-headed hydra

Skill      XL: |  1  2  3  4  5  6  7  8  9 |
---------------+----------------------------+-----
Axes           | 4 5 6 8 9 11 13 16 | 16.9
Fighting       | |  3.6
Armour         | |  2.4
Dodging        | |  2.1

Action                   |  1- 3 |  4- 6 |  7- 9 | 10-12 || total
-------------------------+-------+-------+-------+-------++-------
Melee: Hand axe          |    64 |   152 |       |       ||   216
       Headbutt          |     9 |    35 |    50 |     6 ||   100
       Unarmed           |       |     3 |       |       ||     3
       War axe           |       |    32 |   229 |    44 ||   305
Invok: Berserk           |     1 |     2 |     6 |       ||     9
       Brothers in Arms  |       |       |     2 |     2 ||     4
  Use: Scroll            |       |    12 |     7 |       ||    19
       Potion            |       |       |     2 |       ||     2
  Eat: Chunk             |     3 |     5 |     9 |     1 ||    18
       Bread ration      |       |     2 |       |       ||     2
       Meat ration       |       |       |     1 |     1 ||     2
Armor: Animal skin       |     6 |       |       |       ||     6
       Scale mail        |       |    33 |       |       ||    33
       Ring mail         |       |     8 |       |       ||     8
       Chain mail        |       |    37 |    91 |    16 ||   144
Dodge: Dodged            |    28 |    75 |    69 |    23 ||   195
